 Dungeon Crawl Stone Soup version 0.27.1 (webtiles) character file.

Game seed: 10149164388930317256

280 Destapler the Changer (level 6, 0/44 HPs)
             Began as a Merfolk Transmuter on Aug 24, 2021.
             Was an Initiate of Sif Muna.
             Succumbed to a water moccasin's poison
             ... on level 5 of the Dungeon.
             The game lasted 00:15:18 (4841 turns).

Destapler the Changer (Merfolk Transmuter)          Turns: 4841, Time: 00:15:18

Health: 0/44       AC:  9    Str: 10    XL:     6   Next: 27%
Magic:  10/10      EV: 13    Int: 14    God:    Sif Muna [......]
Gold:   159        SH:  0    Dex: 13    Spells: 8/11 levels left

rFire    . . .     SeeInvis .     - Unarmed
rCold    . . .     Faith    .   (no shield)
rNeg     . . .     Spirit   .   a - +0 robe
rPois    .         Reflect  .   (helmet currently unavailable)
rElec    .         Harm     .   (no cloak)
rCorr    .         Rampage  .   p - +0 pair of gloves
Will     .....                  (boots currently unavailable)
Stlth    +.........             j - amulet of the acrobat
HPRegen  0.14/turn              s - +4 ring of protection
MPRegen  0.12/turn              (no ring)

@: lethally poisoned (0 -> -7), appendages, attractive
A: horns 2, (nimble swimmer 2), mertail, iridescent scales 1, clumsy 1
a: End Transformation, Renounce Religion


You were on level 5 of the Dungeon.
You worshipped Sif Muna.
Sif Muna was noncommittal.
You had temporarily grown beastly horns.
You visited 2 branches of the dungeon, and saw 6 of its levels.

You collected 159 gold pieces.

Inventory:

Missiles
 i - 11 javelins
 t - 6 poisoned darts
Armour
 a - a +0 robe (worn)
 l - a +0 hat (melded)
 p - a +0 pair of gloves (worn)
 q - a +0 buckler
Jewellery
 c - an amulet of reflection
 j - an amulet of the acrobat (around neck)
 s - a +4 ring of protection (left hand)
 w - an amulet of guardian spirit
Scrolls
 b - a scroll of fog {unknown}
 g - 5 scrolls of identify {unknown}
 m - a scroll of vulnerability {unknown}
 r - a scroll of silence {unknown}
Potions
 d - a potion of attraction
 e - 3 potions of curing
 f - a potion of lignification {unknown}
 h - a potion of ambrosia {unknown}
 k - a potion of flight {unknown}
 n - 2 potions of magic {unknown}
 o - a potion of cancellation {unknown}
 u - 2 potions of mutation
 v - a potion of degeneration {unknown}


   Skills:
 - Level 1.7 Fighting
 - Level 1.0 Armour
 - Level 3.2 Dodging
 + Level 2.4 Shields
 - Level 3.5 Unarmed Combat
 - Level 3.0 Spellcasting
 - Level 4.2 Transmutations
 - Level 3.0 Poison Magic


You had 8 spell levels left.
You knew the following spells:

 Your Spells              Type           Power      Damage    Failure   Level
a - Beastly Appendage     Tmut           26%        N/A       3%          1
b - Wereblood             Tmut           13%        N/A       6%          2

Your spell library contained the following spells:

 Spells                   Type           Power      Damage    Failure   Level
 Spider Form              Tmut/Pois      6%         N/A       14%         3
 Ice Form                 Ice/Tmut       7%         N/A       65%         4


Dungeon Overview and Level Annotations

Branches:
Dungeon (5/15)             Temple (1/1) D:4

Altars:
Ashenzari
Cheibriados
Dithmenos
Elyvilon
Fedhas
Gozag
Nemelex Xobeh
Okawaru
Qazlal
Ru
Sif Muna
Uskayaw
Wu Jian
Xom

Shops:
D:3 [


Innate Abilities, Weirdness & Mutations

You have temporarily grown beastly horns.
((You are quick and stealthy near water. (Stealth+, EV+, Speed+++)))
Your lower body shifts to a powerful aquatic tail in water.
You are partially covered in iridescent scales. (AC +2)
You are clumsy. (Dex -2)


Message History

You barely miss the water moccasin.
The water moccasin is lightly wounded.
You feel very sick. The water moccasin barely misses you.
The water moccasin bites you.
You miss the water moccasin.
The water moccasin is lightly wounded.
You feel very sick.
The water moccasin completely misses you.
You hit the water moccasin.
The water moccasin is moderately wounded.
* * * LOW HITPOINT WARNING * * *
You feel very sick. The water moccasin closely misses you.
You hit the water moccasin.
Your headbutt misses the water moccasin.
The water moccasin is heavily wounded.
* * * LOW HITPOINT WARNING * * *
You feel very sick. The water moccasin misses you.
The water moccasin bites you.
* * * LOW HITPOINT WARNING * * *
It was a potion of attraction.
You feel attractive to monsters.
* * * LOW HITPOINT WARNING * * *
You feel sick. The water moccasin bites you.
* * * LOW HITPOINT WARNING * * *
It was a potion of curing.
You feel better. The water moccasin bites you.
* * * LOW HITPOINT WARNING * * *
You are lethally poisoned!
The water moccasin poisons you!
It was a potion of mutation.
You feel extremely strange.
You feel clumsy.
Iridescent scales grow over part of your body.
* * * LOW HITPOINT WARNING * * *
You feel sick. The water moccasin barely misses you.
The water moccasin bites you but does no damage.
You are too injured to fight recklessly!
You barely miss the water moccasin.
Your headbutt misses the water moccasin.
The water moccasin is heavily wounded.
You die...

.......#.........
#.............### ##
#........###..# .##
#......### ..## ...#
......## #..# .....
......# #..####....#
.....## #..........#
.....# ##....S.....#
.....## ##..#.@.......
.^....#####..###...#....
.......##...## #..## .
...###.....## #..# .##
#.....# ..## # #..#...#
..# #..##..# .##
#.####..#.. #.# ....


You could see a water moccasin.

Vanquished Creatures
  A kobold brigand (D:4)
  A scorpion (D:4)
  An iguana (D:4)
  4 adders
  A howler monkey skeleton (D:4)
  2 white imps
  4 worms
  A dart slug (D:1)
  An orc (D:3)
  4 endoplasms
  5 giant cockroaches
  2 goblins
  6 hobgoblins
  7 kobolds
  3 quokkas
  4 ball pythons
  5 bats
  3 frilled lizards
  4 rats
59 creatures vanquished.

Notes
Turn   | Place    | Note
-------+----------+-------------------------------------------
     0 | D:1      | Destapler the Merfolk Transmuter began the quest for the
                  | Orb.
     0 | D:1      | Reached XP level 1. HP: 15/15 MP: 3/3
   323 | D:1      | Reached XP level 2. HP: 16/21 MP: 3/5
   440 | D:1      | Learned a level 2 spell: Wereblood
   515 | D:1      | Reached skill level 3 in Transmutations
   997 | D:2      | HP: 1/21 [worm (11)]
  1002 | D:2      | Reached XP level 3. HP: 5/26 MP: 3/6
  2020 | D:2      | Reached XP level 4. HP: 33/33 MP: 6/8
  2363 | D:3      | Reached skill level 1 in Poison Magic
  2442 | D:3      | Found a faded altar of an unknown god.
  2980 | D:3      | Found a sparkling altar of Nemelex Xobeh.
  3091 | D:3      | Found Piotay's Antique Armour Shop.
  3323 | D:4      | Noticed a kobold brigand
  3341 | D:4      | Killed a kobold brigand
  3342 | D:4      | Reached skill level 1 in Armour
  3342 | D:4      | Reached skill level 4 in Transmutations
  3342 | D:4      | Reached XP level 5. HP: 14/38 MP: 6/9
  3568 | D:4      | Reached skill level 1 in Shields
  3902 | D:4      | Reached XP level 6. HP: 27/44 MP: 8/10
  3909 | D:4      | Found a staircase to the Ecumenical Temple.
  3919 | Temple   | Entered the Ecumenical Temple
  3987 | Temple   | Became a worshipper of Sif Muna the Loreminder
  4536 | D:5      | Entered Level 5 of the Dungeon
  4828 | D:5      | Noticed a water moccasin
  4840 | D:5      | Gained mutation: You are clumsy. (Dex -2) [potion of
                  | mutation]
  4840 | D:5      | Gained mutation: You are partially covered in iridescent
                  | scales. (AC +2) [potion of mutation]
  4840 | D:5      | HP: 2/44 [poisoned by a water moccasin]
  4841 | D:5      | Succumbed to a water moccasin's poison

Illustrated notes

Levels and vault maps discovered:
D:1:      dpeg_arrival_short_road, layout_loops_ring
D:2:      layout_basic, wad_floor_pattern_1
D:3:      layout_rooms, mainiacjoe_overflow_cross_hatched, serial_shops,
          nicolae_shop_behind_doors, hellmonk_ecumenical_altar_leap_of_faith,
          kennysheep_cross_room
D:4:      layout_loops_ring, minmay_temple_entry_tees, chequers_mini_garden
D:5:      layout_layer_cave, gammafunk_ghost_stat_death, uniq_edmund
Temple:   dshaligram_water_room_temple

Skill      XL: |  1  2  3  4  5  6 |
---------------+-------------------+-----
Dodging        | 3 |  3.2
Transmutations | 3 4 |  4.2
Poison Magic   | 1 2 3 |  3.0
Spellcasting   | 3 |  3.0
Armour         | 1 |  1.0
Shields        | 2 |  2.4
Fighting       | |  1.7
Unarmed Combat | |  3.5

Action                   |  1- 3 |  4- 6 || total
-------------------------+-------+-------++-------
Melee: Unarmed           |   107 |   132 ||   239
       Headbutt          |    14 |    22 ||    36
       Tailslap          |       |     6 ||     6
       Punch             |       |     2 ||     2
Throw: Dart              |       |     2 ||     2
 Cast: Beastly Appendage |    19 |    16 ||    35
       Wereblood         |     2 |     3 ||     5
  Use: Potion            |       |     4 ||     4
 Stab: Sleeping          |     1 |     2 ||     3
Armor: Robe              |    19 |    26 ||    45
Dodge: Dodged            |    64 |    64 ||   128
Block: Other             |    12 |       ||    12
